 Dungeon Crawl Stone Soup version 0.30-a0-509-gd016549 (webtiles) character file.

Game seed: 14969077762080734389

2313 Nithhogg the Cleaver (level 9, -5/81 HPs)
             Began as a Hill Orc Fighter on Nov 8, 2022.
             Was a Follower of Zin.
             Slain by a hornet (14 damage)
             ... on level 7 of the Dungeon on Dec 22, 2022.
             The game lasted 00:10:38 (6292 turns).

Nithhogg the Cleaver (Hill Orc Fighter)             Turns: 6292, Time: 00:10:39

Health: -5/81      AC:  8    Str: 29    XL:     9   Next: 41%
Magic:  9/9        EV: 10    Int: 12    God:    Zin [*.....]
Gold:   130        SH:  0    Dex:  5    Spells: 8/8 levels left

rFire   . . .      SeeInvis .    l - +5 executioner's axe of the Threshing Gods {speed, rC+ Int+4 Dex-5}
rCold   + . .      Faith    .    (shield currently unavailable)
rNeg    . . .      Spirit   .    b - +0 scale mail
rPois   .          Reflect  .    (no helmet)
rElec   .          Harm     .    o - scarf {repulsion}
rCorr   .          Rampage  .    (no gloves)
Will    .....                    (no boots)
Stlth   ..........               (no amulet)
HPRegen 0.33/turn                i - +6 ring of strength
MPRegen 0.11/turn                (no ring)

@: mighty, lethally poisoned (-5 -> -11), slowed, repel missiles, very slow
A: no striking features
a: Renounce Religion, Recite, Donate Gold


You were on level 7 of the Dungeon.
You worshipped Zin.
Zin was aware of your devotion.
You visited 2 branches of the dungeon, and saw 8 of its levels.

You collected 283 gold pieces.
You donated 153 gold pieces to Zin.

Inventory:

Hand Weapons
 a - a +0 war axe
 l - the +5 executioner's axe of the Threshing Gods (weapon) {speed, rC+ Int+4 Dex-5}
   (You acquired it on level 4 of the Dungeon)

   Attacks with this weapon are significantly faster.
   Int:       It affects your intelligence (+4).
   Dex:       It affects your dexterity (-5).
   rC:        It protects you from cold.
 A - a +2 flail of protection
Armour
 b - a +0 scale mail (worn)
 c - a +0 buckler
 o - a scarf of repulsion (worn)
Jewellery
 i - a +6 ring of strength (left hand)
 C - a ring of poison resistance
 D - a ring of positive energy
 F - a ring of wizardry
Wands
 v - a wand of flame (23)
 w - a wand of iceblast (19)
 z - a wand of charming (3)
Scrolls
 e - 2 scrolls of identify
 g - 2 scrolls of amnesia
 m - a scroll of noise
 n - 2 scrolls of fear
 p - 2 scrolls of vulnerability {unknown}
 r - a scroll of teleportation {unknown}
 s - 2 scrolls of enchant armour {unknown}
 x - a scroll of immolation {unknown}
 y - a scroll of fog {unknown}
 B - a scroll of magic mapping {unknown}
 G - a scroll of torment {unknown}
 I - a scroll of enchant weapon {unknown}
Potions
 d - a potion of might
 f - a potion of curing
 h - a potion of lignification
 j - 2 potions of brilliance {unknown}
 k - 2 potions of berserk rage {unknown}
 q - 2 potions of haste {unknown}
 t - a potion of heal wounds {unknown}
 u - a potion of invisibility {unknown}
 E - 3 potions of cancellation {unknown}
 H - a potion of magic {unknown}


   Skills:
 + Level 7.8 Fighting
 + Level 11.1 Axes
 + Level 8.0 Armour
 - Level 1.3 Dodging
 - Level 0.6 Stealth
 - Level 3.2 Shields


You had 8 spell levels left.
You didn't know any spells.
Your spell library contained the following spells:

 Spells                   Type           Power      Damage    Failure   Level
 Magic Dart               Conj           0%         1d3       54%         1
 Summon Small Mammal      Summ           0%         N/A       54%         1
 Call Imp                 Summ           0%         N/A       67%         2
 Call Canine Familiar     Summ           0%         N/A       88%         3
 Mephitic Cloud           Conj/Pois/Air  0%         N/A       88%         3
 Summon Guardian Golem    Hex/Summ       0%         N/A       88%         3


Dungeon Overview and Level Annotations

Branches:
Dungeon (7/15)             Temple (1/1) D:7

Altars:
Cheibriados
Dithmenos
Elyvilon
Fedhas
Gozag
Hepliaklqana
Kikubaaqudgha
Makhleb
Nemelex Xobeh
Ru
Sif Muna
Trog
Uskayaw
Vehumet
Wu Jian
Xom
Yredelemnul
Zin


Message History

You feel very sick.
The hornet stings you but does no damage.
The orc warrior hits you with a +0 flail!
You are too injured to fight recklessly!
You are too injured to fight recklessly!
You are too injured to fight recklessly!
You are too injured to fight recklessly!
You are too injured to fight recklessly!
You are too injured to fight recklessly!
You are too injured to fight recklessly!
You are too injured to fight recklessly!
You are too injured to fight recklessly!
You are too injured to fight recklessly!
You are too injured to fight recklessly!
You are too injured to fight recklessly!
You are too injured to fight recklessly!
You feel very mighty all of a sudden.
You feel sick.
The hornet stings you but does no damage.
The orc warrior hits you with a +0 flail.
The hornet barely misses you.
The orc warrior hits you with a +0 flail.
The hornet closely misses you.
You feel better. The hornet stings you.
You feel as though you will be slow longer.
The orc warrior hits you with a +0 flail!
* * * LOW HITPOINT WARNING * * *
The hornet stings you.
* * * LOW HITPOINT WARNING * * *
You are poisoned.
You feel as though you will be slow longer.
It was a potion of lignification.
Zin protects your body from unnatural transformation!
You feel woody for a moment.
You feel very sick. The hornet stings you.
* * * LOW HITPOINT WARNING * * *
You feel as though you will be slow longer.
The orc warrior barely misses you. The hornet stings you!
You die...

..... #.# ...... ..
......#.. # .#... .# #
#.<# #. .... ...#
#......#. #.. ..$ .#.
##.#..... .. .> .. #
####.#...#.
#..#.#.#.#.#
#..........
#.....o)y..#
#.#.#....## #..####@#
#...#..#...
#......######.####...#.
######../.......#...##.
##########.#.####.
#...# #. #.### #. #.#
#. #.######. #......#.


You could see a hornet and an orc warrior.

Vanquished Creatures
  Menkaure (D:7)
  A water moccasin (D:7)
  4 ice beasts
  An orc warrior (D:7)
  A black bear (D:4)
  2 centaurs
  A phantom (D:6)
  2 necrophages
  2 scorpions (D:5)
  3 wights (D:4)
  5 jellies
  4 hounds
  2 orc priests
  2 gnoll boudas
  5 iguanas
  5 orc wizards
  7 adders
  10 gnolls
  A white imp (D:5)
  3 worms
  3 dart slugs
  15 orcs
  6 endoplasms
  4 giant cockroaches
  6 goblins
  4 hobgoblins
  9 jackals
  9 kobolds
  6 quokkas
  6 ball pythons
  6 bats
  2 frilled lizards (D:1)
  5 rats
143 creatures vanquished.

Notes
Turn   | Place    | Note
-------+----------+-------------------------------------------
     0 | D:1      | Nithhogg the Hill Orc Fighter began the quest for the Orb.
     0 | D:1      | Reached XP level 1. HP: 19/19 MP: 1/1
   178 | D:1      | Reached XP level 2. HP: 23/27 MP: 2/2
   204 | D:1      | Reached skill level 3 in Axes
   545 | D:1      | You fall into a shaft and drop 1 floor!
   645 | D:1      | Reached XP level 3. HP: 33/33 MP: 3/3
  1259 | D:2      | Found a faded altar of an unknown god.
  1277 | D:2      | Found a faded altar of an unknown god.
  1490 | D:2      | Reached XP level 4. HP: 40/40 MP: 4/4
  1787 | D:3      | Reached skill level 4 in Axes
  2706 | D:4      | Reached XP level 5. HP: 18/46 MP: 5/5
  2892 | D:4      | Reached skill level 5 in Axes
  3071 | D:4      | Identified a scroll of acquirement
  3071 | D:4      | Acquired the +5 executioner's axe of the Threshing Gods
                  | {speed, rC+ Int+4 Dex-5}
  3100 | D:4      | Reached skill level 5 in Armour
  3194 | D:4      | Reached XP level 6. HP: 43/53 MP: 6/6
  3205 | D:4      | Reached skill level 1 in Dodging
  3210 | D:4      | Noticed a black bear
  3217 | D:4      | Killed a black bear
  3218 | D:4      | Reached skill level 6 in Axes
  3297 | D:4      | Found a shimmering blue altar of Sif Muna.
  3298 | D:4      | Found a white marble altar of Elyvilon.
  3350 | D:4      | Found a sacrificial altar of Ru.
  3358 | D:4      | Reached XP level 7. HP: 53/60 MP: 7/7
  3386 | D:4      | HP: 1/54 [wight/+0 halberd (8)]
  3390 | D:4      | Reached skill level 7 in Axes
  3696 | D:4      | Reached skill level 5 in Fighting
  3910 | D:5      | Entered Level 5 of the Dungeon
  3948 | D:5      | Found a hazy altar of Hepliaklqana.
  4215 | D:5      | Reached skill level 8 in Axes
  4285 | D:5      | Found a shimmering altar of Xom.
  4285 | D:5      | Found a shimmering altar of Xom.
  4285 | D:5      | Found a shimmering altar of Xom.
  4285 | D:5      | Found a shimmering altar of Xom.
  4286 | D:5      | Found a shimmering altar of Xom.
  4287 | D:5      | Found a shimmering altar of Xom.
  4315 | D:5      | Reached XP level 8. HP: 24/68 MP: 8/8
  4495 | D:5      | Upgraded the game from 0.30-a0-358-g0d69a19 to
                  | 0.30-a0-509-gd016549
  4591 | D:5      | Reached skill level 9 in Axes
  5059 | D:6      | Reached skill level 10 in Axes
  5254 | D:6      | Reached XP level 9. HP: 76/78 MP: 9/9
  5701 | D:7      | Found a staircase to the Ecumenical Temple.
  5706 | D:7      | Found an opulent altar of Gozag.
  5786 | Temple   | Entered the Ecumenical Temple
  5974 | Temple   | Became a worshipper of Zin the Law-Giver
  5974 | Temple   | Reached * piety under Zin
  5977 | Temple   | Donated 125 gold pieces to Zin
  6201 | D:7      | Noticed Menkaure
  6206 | D:7      | Killed Menkaure
  6207 | D:7      | Reached skill level 11 in Axes
  6249 | D:7      | Found a hide-covered altar of Uskayaw.
  6284 | D:7      | Noticed a hornet
  6292 | D:7      | Slain by a hornet

Illustrated notes

Levels and vault maps discovered:
D:1:      dpeg_arrival_rhombus, layout_basic
D:2:      layout_loops_corners, hellmonk_ecumenical_altar_the_god_not_taken,
          chequers_serial_rivers_micro_c, serial_park_tiny_pond,
          minmay_misc_feat_four_crosses
D:3:      layout_basic, grunt_ministairs_3
D:4:      layout_basic, gammafunk_temple_overflow_pools,
          mainiacjoe_overflow_alcove_4
D:5:      layout_basic, xom_redecorated, mainiacjoe_overflow_chevrons
D:6:      layout_cave_pools
D:7:      layout_loops_ring, nicolae_gozag_seed_capital, marbit_many_paths,
          minmay_temple_entry_tees, minmay_misc_feat_cross, st_stairs_2,
          uniq_menkaure
Temple:   bh_familiar_temple

Skill      XL: |  1  2  3  4  5  6  7  8  9 |
---------------+----------------------------+-----
Axes           | 3 4 5 6 8 10 11 | 11.1
Armour         | 4 5 6 7 8 |  8.0
Fighting       | 4 5 6 7 |  7.8
Dodging        | 1 |  1.3
Stealth        | |  0.6
Shields        | |  3.2

Action                   |  1- 3 |  4- 6 |  7- 9 || total
-------------------------+-------+-------+-------++-------
Melee: War axe           |   107 |    74 |       ||   181
       Executioner's axe |       |    22 |   144 ||   166
Invok: Donate Gold       |       |       |     1 ||     1
  Use: Scroll            |       |     5 |       ||     5
       Potion            |       |       |     5 ||     5
Armor: Scale mail        |    55 |    60 |    49 ||   164
Dodge: Dodged            |    48 |    48 |    82 ||   178
       Repelled          |       |       |     1 ||     1

Table legend: (Time is in decaauts)
 A = Elapsed time spent in this place.
 B = Non-inter-level travel time spent in this place.
 C = Inter-level travel time spent in this place.
 D = Time resting spent in this place.
 E = Time spent auto-exploring this place.
 F = Levels seen in this place.
 G = Mean time per level.
                   A        B        C        D        E       F      G
               +--------+--------+--------+--------+--------+-----+--------+
         Total |   6347 |   6087 |    260 |     59 |   5156 |   8 |  793.4 |
       Dungeon |   6122 |   5920 |    202 |     59 |   4997 |   7 |  874.6 |
        Temple |    225 |    167 |     58 |      0 |    159 |   1 |  225.0 |
               +--------+--------+--------+--------+--------+-----+--------+

Top non-repeatable levels by time:
     D:4: 1264 daAuts
     D:5: 1083 daAuts
     D:2: 1021 daAuts
     D:3: 892 daAuts
     D:1: 794 daAuts
     D:6: 566 daAuts
     D:7: 498 daAuts
  Temple: 225 daAuts
